 Dungeon Crawl Stone Soup version 0.26-a0-8-gc4d20be10f (webtiles) character file.

Game seed: 13887771139004928748, levelgen mode: deterministic

70 Lanoc the Charmwright (level 4, -2/37 HPs)
             Began as a Draconian Skald on May 24, 2020.
             Killed from afar by an orc wizard (8 damage)
             ... with a puff of flame
             ... on level 4 of the Dungeon.
             The game lasted 00:02:23 (2125 turns).

Lanoc the Charmwright (Draconian Skald)             Turns: 2125, Time: 00:02:24

Health: -2/37      AC:  5    Str: 14    XL:     4   Next: 4%
Magic:  7/7        EV: 12    Int: 13    God:
Gold:   59         SH:  3    Dex: 11    Spells: 4/7 levels left

rFire    . . .     SeeInvis .   a - +0 hand axe
rCold    . . .     Gourm    .   e - +0 buckler
rNeg     . . .     Faith    .   (armour unavailable)
rPois    .         Spirit   .   (helmet restricted)
rElec    .         Reflect  .   (no cloak)
rCorr    .         Harm     .   (no gloves)
MR       .....                  (no boots)
Stlth    +.........             i - amulet of magic regeneration
HPRegen  0.12/turn              l - ring of wizardry
MPRegen  0.35/turn              (no ring)

@: brilliant, singing (expiring), hasted, very quick
A: unfitting armour, cold-blooded, AC +5
a: no special abilities


You were on level 4 of the Dungeon.
You were not hungry.

You visited 1 branch of the dungeon, and saw 4 of its levels.

You collected 59 gold pieces.

Inventory:

Hand Weapons
 a - a +0 hand axe (weapon)
Armour
 e - a +0 buckler (worn)
Jewellery
 i - an amulet of magic regeneration (around neck)
 l - a ring of wizardry (left hand)
Scrolls
 b - 2 scrolls of identify {unknown}
 d - 4 scrolls of teleportation {unknown}
 f - a scroll of magic mapping {unknown}
 j - a scroll of enchant weapon {unknown}
 k - a scroll of amnesia {unknown}
Comestibles
 c - 5 rations


   Skills:
 + Level 2.8 Fighting
 * Level 3.0 Axes
 + Level 2.5 Dodging
 + Level 1.0 Shields
 - Level 2.0 Spellcasting
 + Level 3.1 Charms


You had 4 spell levels left.
You knew the following spells:

 Your Spells              Type           Power        Failure   Level  Hunger
a - Infusion              Chrm           ##..         4%          1    None
b - Song of Slaying       Chrm           ##......     6%          2    None

Your spell library contained the following spells:

 Spells                   Type           Power        Failure   Level  Hunger
 Shroud of Golubria       Chrm/Tloc      #.....       12%         2    None
 Ozocubu's Armour         Chrm/Ice       #.......     24%         3    None
 Spectral Weapon          Hex/Chrm       #.......     24%         3    None


Dungeon Overview and Level Annotations

Branches:
Dungeon (4/15)
 Temple: D:4-7

Altars:


Innate Abilities, Weirdness & Mutations

Your plain brown scales are hard. (AC +5)
You cannot fit into any form of body armour.
You are cold-blooded and may be slowed by cold attacks.


Message History

You barely miss something.
You hear some strange, mumbled words.
A magic dart appears from out of thin air!
The magic dart hits you.
You barely miss something.
You hear some strange, mumbled words.
A puff of flame appears from out of thin air!
The puff of flame hits you!
* * * LOW HITPOINT WARNING * * *
It was a potion of haste.
You feel yourself speed up.
Your song is almost over.
You hear some strange, mumbled words.
A puff of flame appears from out of thin air!
The puff of flame misses you.
It was a potion of brilliance.
You feel clever all of a sudden.
You hear some strange, mumbled words.
A puff of flame appears from out of thin air!
The puff of flame hits you!
You die...

##################
.................#
################@#
#{#


oo. ..... #.....# #.....# ### #.....# .... ###.### ###. You could see 2 orcs.

Vanquished Creatures
  2 adders
  A worm (D:3)
  4 leopard geckos
  3 orcs
  3 bats
  2 giant cockroaches (D:2)
  3 goblins
  5 hobgoblins
  3 jackals (D:1)
  A quokka (D:3)
  A frilled lizard (D:3)
  5 kobolds
  8 rats
41 creatures vanquished.

Notes
Turn   | Place    | Note
-------+----------+-------------------------------------------
     0 | D:1      | Lanoc the Draconian Skald began the quest for the Orb.
     0 | D:1      | Reached XP level 1. HP: 17/17 MP: 3/3
    88 | D:1      | Reached XP level 2. HP: 12/25 MP: 0/5
   962 | D:3      | Reached XP level 3. HP: 30/30 MP: 6/6
  1000 | D:3      | Learned a level 2 spell: Song of Slaying
  2116 | D:4      | Reached XP level 4. HP: 21/37 MP: 4/7
  2119 | D:4      | Reached skill level 1 in Shields
  2125 | D:4      | Killed from afar by an orc wizard

Illustrated notes

Levels and vault maps discovered:
D:1:      lemuel_arrival_muddy, layout_basic
D:2:      layout_basic, lemuel_doored_altar, uniq_natasha, uniq_sigmund
D:3:      layout_basic, st_stairs_4
D:4:      layout_basic, first_ration

Skill      XL: |  1  2  3  4 |
---------------+-------------+-----
Charms         | 3 |  3.1
Axes           | 3 |  3.0
Shields        | 1 |  1.0
Fighting       | |  2.8
Dodging        | |  2.5
Spellcasting   | |  2.0

Action                   |  1- 3 |  4- 6 || total
-------------------------+-------+-------++-------
Melee: Hand axe          |   145 |     7 ||   152
       Tailslap          |    20 |     2 ||    22
 Cast: Infusion          |     9 |       ||     9
       Song of Slaying   |     5 |       ||     5
  Use: Potion            |       |     2 ||     2
  Eat: Chunk             |     2 |       ||     2
       Ration            |     1 |       ||     1
Armor: Skin              |    42 |       ||    42
Dodge: Dodged            |    93 |     2 ||    95
Block: Buckler           |    12 |       ||    12

Table legend:
 A = Non-vault XP
 B = Vault XP
 C = Vault XP percentage of total XP
 D = Non-vault monster count
 E = Vault monster count
 F = Vault count percentage of total count
                 A         B        C        D         E       F
            +---------+---------+-------+---------+---------+-------
      Total |      97 |       4 |   4.0 |      39 |       2 |   4.9
            +---------+---------+-------+---------+---------+-------
        D:1 |      21 |       0 |   0.0 |      13 |       0 |   0.0
        D:2 |      10 |       0 |   0.0 |       6 |       0 |   0.0
        D:3 |      46 |       4 |   8.0 |      17 |       2 |  10.5
        D:4 |      20 |       0 |   0.0 |       3 |       0 |   0.0
            +---------+---------+-------+---------+---------+-------
